Map: Orbital Shipyard

Players

ZaKy

  • Race: Protoss Protoss
  • League: Diamond

LilDicky - Winner!

  • Race: Zerg Zerg
  • League: Diamond

VOD

http://www.twitch.tv/tumescentpie

Description

Time

  • Played on: Dec. 1, 2015, 5:14 p.m.
  • Length: 5:24
Show
View Real Time Build Order
Export as new Build Order

ZaKy Protoss 

Build Orders: Nexus First 

Get SALT Encoding   

  12  0:02  Probe (Chrono Boost)  
  13  0:12  Probe (Chrono Boost)  
  14  0:18  Pylon  
  14  0:24  Probe (Chrono Boost)  
  15  0:36  Probe (Chrono Boost)  
  16  0:46  Probe (Chrono Boost)  
  18  0:57  Probe (Chrono Boost)  
  18  1:05  Nexus  
  18  1:11  Probe (Chrono Boost)  
  19  1:18  Gateway  
  19  1:25  Assimilator  
  19  1:26  Assimilator  
  19  1:39  Probe (Chrono Boost)  
  20  1:53  Probe (Chrono Boost)  
  21  2:03  Probe (Chrono Boost)  
  21  2:06  Cybernetics Core  
  22  2:14  Probe (Chrono Boost)  
  23  2:17  Probe (Chrono Boost)  
  23  2:18  Pylon  
  23  2:19  Zealot (Chrono Boost)  
  26  2:23  Probe  
  26  2:29  Probe  
  28  2:34  Probe  
  29  2:41  Probe  
  30  2:45  Probe  
  30  2:49  Forge  
  31  2:51  Warp Gate  
  31  2:53  Probe  
  31  2:56  Mothership Core (Chrono Boost)  
  34  3:02  Twilight Council  
  34  3:05  Probe (Chrono Boost)  
  35  3:14  Zealot  
  35  3:16  Probe x2 (Chrono Boost)  
  39  3:26  Probe x2  
  40  3:33  Pylon  
  41  3:36  Probe  
  41  3:38  Probe  
  41  3:40  Protoss Ground Weapons Level 1 (Chrono Boost)  
  43  3:47  Probe  
  43  3:50  Probe  
  43  3:54  Pylon  
  45  4:04  Assimilator x2  
  45  4:05  Probe  
  45  4:07  Probe  
  45  4:09  Pylon  
  47  4:15  Robotics Facility  
  47  4:16  Probe  
  47  4:19  Probe  
  47  4:20  Pylon  
  49  4:41  Gateway  
  49  4:42  Gateway  
  49  4:44  Gateway  
  49  4:46  Probe, Gateway  
  49  4:49  Gateway  
  50  4:54  Pylon  
  52  5:08  Adept  
Show
View Real Time Build Order
Export as new Build Order

LilDicky Zerg - Winner!

Build Orders: Hatch First 

Get SALT Encoding   

  12  0:01  Drone  
  13  0:20  Drone  
  14  0:41  Hatchery  
  13  0:47  Drone  
  14  0:55  Spawning Pool  
  13  1:05  Drone  
  13  1:06  Extractor  
  13  1:07  Drone  
  14  1:26  Overlord  
  14  1:48  Drone x2  
  14  1:49  Drone  
  14  1:53  Queen  
  19  1:54  Queen  
  19  1:59  Extractor  
  20  2:08  Drone x3  
  24  2:16  Overlord  
  24  2:31  Lair  
  24  2:38  Roach Warren  
  24  2:39  Drone  
  24  2:42  Drone  
  25  2:45  Drone  
  25  2:48  Drone  
  27  2:56  Drone x2  
  29  3:13  Overlord  
  29  3:16  Drone x3  
  29  3:17  Drone x3  
  35  3:33  Overlord  
  35  3:34  Roach  
  35  3:35  Roach x2  
  35  3:39  Glial Reconstitution  
  41  3:42  Roach  
  41  3:44  Overlord  
  41  3:48  Extractor  
  42  3:49  Roach  
  44  4:01  Extractor  
  43  4:11  Roach  
  43  4:12  Roach x2  
  49  4:17  Zergling x14  
  49  4:18  Zergling x4  
  58  4:32  Drone  
  58  4:33  Drone  
  60  4:44  Overlord  
  60  4:45  Overlord  
  60  4:55  Hatchery  
  60  4:58  Ravager  
  60  5:00  Overlord  
  60  5:03  Ravager x2  
Tags
 
Add a new tag
Caveats
  • Supply blocks, unpowered buildings, or Contaminate may cause inaccurate times.
  • Supply counts are checked every 10 seconds.